Devils vs Ice Hogs

Created - Tuesday, January 27, 2015 at 23:51

Goals
1 2 3 T
Devils 0 0 0 0
Ice Hogs 2 0 3 5
Shots
1 2 3 T
Devils 3 3 6 12
Ice Hogs 7 6 13 26

1st period

1. Ice Hogs , Jason Garrison 22 (Travis Morin) at 6:23 (SH)
2. Ice Hogs , Jean-Philippe Cote 11 (Jason Garrison, Roman Horak) at 9:55

Penalties :
Zach Redmond (RIH) for Interference (Minor) at 4:55

2nd period

No Goal

Penalties :
No Penalty

3rd period

3. Ice Hogs , Jason Garrison 23 (J.T. Miller, Brandon Pirri) at 11:14
4. Ice Hogs , Travis Morin 25 (Roman Horak) at 15:25
5. Ice Hogs , Jason Garrison 24 (Brandon Pirri) at 15:56 (PP)

Penalties :
Colin Miller (LOW) for High sticking (Minor) at 0:31, Gabriel Beaupre (LOW) for Holding (Minor) at 15:50, J.T. Miller (RIH) for Tripping (Minor) at 17:08

Goalie Stats

Devan Dubnyk (LOW), 21 saves from 26 shots - (0.808), L, 19-12-20, 60:00 minutes
Scott Darling (RIH), 12 saves from 12 shots - (1.000), W, 43-2-6, 60:00 minutes

Players Stats for Devils

Player Name              G  A  P  +/- PIM S  H  SB GA TA FO     MP     PP MP  PK MP  
------------------------------------------------------------------------------------
Braden Lamb              0  0  0   0  0   0  0  0  0  0  0/2     0:47   0:00   0:00 
Brendan Shinnimin        0  0  0  -1  0   0  0  2  0  1  8/16   21:47   1:55   0:29 
Chris Wideman            0  0  0  -3  0   0  1  1  0  1  0/0    26:46   2:21   0:59 
Colin Miller             0  0  0  -4  2   0  0  1  0  0  0/0    25:02   2:21   0:06 
Darren Archibald         0  0  0  -1  0   0  1  1  3  0  0/2    18:16   1:55   0:29 
Darroll Powe             0  0  0  -1  0   2  1  0  0  1  1/2    20:36   2:03   0:00 
Gabriel Beaupre          0  0  0   0  2   0  2  1  2  2  0/0    20:41   1:37   1:06 
Jordan Martinook         0  0  0  -2  0   1  4  1  1  1  2/4    22:57   2:03   1:36 
Matt Carkner             0  0  0   0  0   2  3  5  2  0  0/0    24:14   0:00   0:53 
Matthew Ford             0  0  0  -1  0   2  1  0  0  0  0/1    14:05   0:00   0:00 
Pascal Pelletier         0  0  0  -1  0   0  3  0  3  0  0/1    20:35   1:55   0:00 
Scooter Vaughan          0  0  0  -1  0   1  1  2  0  1  0/0    22:32   1:37   1:06 
Sean Collins             0  0  0  -3  0   1  0  2  3  0  1/3    23:07   2:03   1:36 
Sergey Andronov          0  0  0   0  0   1  2  0  0  0  0/0     6:58   0:00   0:00 
Theo Peckham             0  0  0   0  0   0  0  0  0  0  0/0     6:10   0:00   0:00 
Yanni Gourde             0  0  0   0  0   0  0  1  0  0  0/0     2:30   0:00   0:00 
Zach Budish              0  0  0   0  0   0  0  0  0  0  0/0     1:56   0:00   0:00 
Zach O'Brien             0  0  0  -2  0   2  3  1  1  0  3/9    18:54   0:00   0:00 

Players Stats for Ice Hogs

Player Name              G  A  P  +/- PIM S  H  SB GA TA FO     MP     PP MP  PK MP  
------------------------------------------------------------------------------------
Brandon Gormley          0  0  0   0  0   0  1  1  0  1  0/0    27:00   0:49   1:42 
Brandon Pirri            0  2  2   1  0   1  0  1  2  1  8/10   18:29   1:09   0:00 
Casey Wellman            0  0  0   0  0   2  3  1  1  0  1/1    15:07   0:56   0:00 
Chay Genoway             0  0  0   0  0   0  0  0  0  0  0/0     4:11   0:00   0:00 
Derek Roy                0  0  0   0  0   4  1  0  1  1  7/11   20:59   0:56   1:49 
Dustin Jeffrey           0  0  0   0  0   2  1  0  0  0  1/2    15:17   0:00   0:00 
J.T. Miller              0  1  1   1  2   2  2  0  1  1  1/1    19:00   1:09   0:00 
Jason Garrison           3  1  4   4  0   6  0  3  3  2  0/0    27:41   1:16   2:52 
Jean-Philippe Cote       1  0  1   3  0   3  6  1  1  1  0/0    25:28   1:16   2:16 
Mathieu Brodeur          0  0  0   1  0   0  0  0  0  0  0/0    11:16   0:00   0:00 
Michael Bournival        0  0  0   2  0   2  1  0  3  0  0/0    14:10   0:00   0:00 
Oscar Lindberg           0  0  0   0  0   0  0  0  0  0  0/0     0:00   0:00   0:00 
Riley Sheahan            0  0  0   0  0   0  0  0  0  0  0/0     0:29   0:00   0:00 
Roman Horak              0  2  2   2  0   1  1  0  0  0  0/0    20:23   0:00   1:49 
Seth Griffith            0  0  0   1  0   0  3  0  1  1  1/3    14:40   0:00   2:09 
Tanner Pearson           0  0  0   1  0   0  1  0  0  0  0/1    18:29   1:09   0:00 
Travis Morin             1  1  2   3  0   2  0  0  1  1  6/11   18:21   0:56   2:09 
Zach Redmond             0  0  0   0  2   1  3  4  0  1  0/0    25:00   0:49   1:06 

3 Stars

1 - Jason Garrison (RIH)
2 - Jean-Philippe Cote (RIH)
3 - Travis Morin (RIH)

Power Play

Devils - 0 on 2 Attempt(s) - 0.00%
Ice Hogs - 1 on 2 Attempt(s) - 50.00%

Penalty Kill

Devils - 1 on 2 Attempt(s) - 50.00% - Score 0 goal in Penalty Kill
Ice Hogs - 2 on 2 Attempt(s) - 100.00% - Score 1 goal in Penalty Kill

Team Stat

Devils - Hits : 22 - Faceoff Wins : 15 - Blocked Shots : 18 - Penalty Minutes : 4
Ice Hogs - Hits : 23 - Faceoff Wins : 25 - Blocked Shots : 11 - Penalty Minutes : 4

Official

Referees : Unknown
Linesman : Unknown

Game Notes

Jason Garrison has scored a Hat Trick!

Finance

Level 1 -- Attendance: 1441 (72.05%) -- Ticket Income $50,435
Level 2 -- Attendance: 694 (69.40%) -- Ticket Income $10,410
Total Attendance: 2135 (71.17%)
Total Ticket Income: $60,845
Other Income: $29,814
Total Income: $90,659

Devils

5 vs 5 Forward 
   Center                   Left Wing                Right Wing               Time % Phy DF OF 
 1 Zach O'Brien             Darroll Powe             Sean Collins             35     1   2  2  
 2 Brendan Shinnimin        Pascal Pelletier         Jordan Martinook         30     1   2  2  
 3 Brendan Shinnimin        Jordan Martinook         Sean Collins             22     1   2  2  
 4 Brendan Shinnimin        Darren Archibald         Sean Collins             13     1   2  2  

5 vs 5 Defense 
   Defense                  Defense                                           Time % Phy DF OF 
 1 Colin Miller             Chris Wideman                                     35     1   2  2  
 2 Matt Carkner             Scooter Vaughan                                   30     1   2  2  
 3 Gabriel Beaupre          Matt Carkner                                      22     1   2  2  
 4 Colin Miller             Chris Wideman                                     13     1   2  2  

PowerPlay Forward 
   Center                   Left Wing                Right Wing               Time % Phy DF OF 
 1 Jordan Martinook         Darroll Powe             Sean Collins             60     1   2  2  
 2 Brendan Shinnimin        Pascal Pelletier         Darren Archibald         40     1   2  2  

PowerPlay Defense
   Defense                  Defense                                           Time % Phy DF OF 
 1 Colin Miller             Chris Wideman                                     60     1   2  2  
 2 Gabriel Beaupre          Scooter Vaughan                                   40     1   2  2  

Penalty Kill 4 Players Forward 
   Center                   Wing                     Time % Phy DF OF 
 1 Sean Collins             Jordan Martinook         60     1   2  2  
 2 Brendan Shinnimin        Pascal Pelletier         40     1   2  2  

Penalty Kill 4 Players Defense
   Defense                  Defense                  Time % Phy DF OF 
 1 Colin Miller             Chris Wideman            60     1   2  2  
 2 Gabriel Beaupre          Scooter Vaughan          40     1   2  2  

Penalty Kill - 3 Players Forward 
   Forward                                           Time % Phy DF OF 
 1 Brendan Shinnimin                                 60     1   2  2  
 2 Sean Collins                                      40     1   2  2  

Penalty Kill - 3 Players Defense
   Defense                  Defense                  Time % Phy DF OF 
 1 Colin Miller             Chris Wideman            60     1   2  2  
 2 Gabriel Beaupre          Scooter Vaughan          40     1   2  2  

4 vs 4 Forward 
   Center                   Wing                     Time % Phy DF OF 
 1 Sean Collins             Jordan Martinook         60     1   2  2  
 2 Brendan Shinnimin        Pascal Pelletier         40     1   2  2  

4 vs 4 Defense
   Defense                  Defense                  Time % Phy DF OF 
 1 Colin Miller             Chris Wideman            60     1   2  2  
 2 Gabriel Beaupre          Scooter Vaughan          40     1   2  2  

Last Minutes Offensive
   Center                   Left Wing                Right Wing               Defense                  Defense                  
   Pascal Pelletier         Darroll Powe             Sean Collins             Colin Miller             Chris Wideman            

Last Minutes Defensive
   Center                   Left Wing                Right Wing               Defense                  Defense                  
   Pascal Pelletier         Darroll Powe             Sean Collins             Colin Miller             Chris Wideman            

Goaltenders
Starting : Devan Dubnyk             
Backup : Robert Mayer             

Extra Forwards
Normal : Jordan Martinook, Darren Archibald, Sean Collins - PP : Jordan Martinook, Darren Archibald - PK : Brendan Shinnimin
Extra Defensemen
Normal : Gabriel Beaupre, Colin Miller, Chris Wideman - PP : Gabriel Beaupre - PK : Chris Wideman, Colin Miller
Penalty Shots
Sean Collins, Darren Archibald, Brendan Shinnimin, Pascal Pelletier, Jordan Martinook

Ice Hogs

5 vs 5 Forward 
   Center                   Left Wing                Right Wing               Time % Phy DF OF 
 1 Brandon Pirri            Tanner Pearson           J.T. Miller              30     0   2  3  
 2 Derek Roy                Dustin Jeffrey           Casey Wellman            25     0   2  3  
 3 Derek Roy                Roman Horak              Seth Griffith            25     1   2  2  
 4 Travis Morin             Michael Bournival        Roman Horak              20     1   2  2  

5 vs 5 Defense 
   Defense                  Defense                                           Time % Phy DF OF 
 1 Jason Garrison           Brandon Gormley                                   30     1   2  2  
 2 Zach Redmond             Jean-Philippe Cote                                30     1   2  2  
 3 Zach Redmond             Brandon Gormley                                   30     1   2  2  
 4 Jason Garrison           Jean-Philippe Cote                                10     1   2  2  

PowerPlay Forward 
   Center                   Left Wing                Right Wing               Time % Phy DF OF 
 1 Brandon Pirri            Tanner Pearson           J.T. Miller              50     0   1  4  
 2 Travis Morin             Derek Roy                Casey Wellman            50     0   1  4  

PowerPlay Defense
   Defense                  Defense                                           Time % Phy DF OF 
 1 Jason Garrison           Jean-Philippe Cote                                50     0   1  4  
 2 Zach Redmond             Brandon Gormley                                   50     0   1  4  

Penalty Kill 4 Players Forward 
   Center                   Wing                     Time % Phy DF OF 
 1 Derek Roy                Roman Horak              50     1   3  1  
 2 Travis Morin             Seth Griffith            50     1   3  1  

Penalty Kill 4 Players Defense
   Defense                  Defense                  Time % Phy DF OF 
 1 Jason Garrison           Brandon Gormley          50     1   4  0  
 2 Zach Redmond             Jean-Philippe Cote       50     1   4  0  

Penalty Kill - 3 Players Forward 
   Forward                                           Time % Phy DF OF 
 1 Derek Roy                                         50     1   4  0  
 2 Travis Morin                                      50     1   4  0  

Penalty Kill - 3 Players Defense
   Defense                  Defense                  Time % Phy DF OF 
 1 Jason Garrison           Brandon Gormley          50     1   4  0  
 2 Zach Redmond             Jean-Philippe Cote       50     1   4  0  

4 vs 4 Forward 
   Center                   Wing                     Time % Phy DF OF 
 1 Brandon Pirri            J.T. Miller              50     1   2  2  
 2 Derek Roy                Casey Wellman            50     1   2  2  

4 vs 4 Defense
   Defense                  Defense                  Time % Phy DF OF 
 1 Jason Garrison           Jean-Philippe Cote       50     1   2  2  
 2 Zach Redmond             Brandon Gormley          50     1   2  2  

Last Minutes Offensive
   Center                   Left Wing                Right Wing               Defense                  Defense                  
   Brandon Pirri            Derek Roy                J.T. Miller              Jason Garrison           Jean-Philippe Cote       

Last Minutes Defensive
   Center                   Left Wing                Right Wing               Defense                  Defense                  
   Derek Roy                Roman Horak              Seth Griffith            Jason Garrison           Jean-Philippe Cote       

Goaltenders
Starting : Scott Darling            
Backup : Rob Madore               

Extra Forwards
Normal : Travis Morin, Brandon Pirri, Seth Griffith - PP : Travis Morin, Seth Griffith - PK : Casey Wellman
Extra Defensemen
Normal : Jean-Philippe Cote, Brandon Gormley, Jason Garrison - PP : Zach Redmond - PK : Jason Garrison, Jean-Philippe Cote
Penalty Shots
Casey Wellman, Derek Roy, Travis Morin, Roman Horak, Brandon Pirri

% Time on Ice - Devils

Lines # - Real PCT - Wanted PCT - Time Play
Normal Forward
1 - 35% - 35% - 18:42
2 - 31% - 30% - 16:49
3 - 16% - 22% - 8:22
4 - 19% - 13% - 10:04
Normal Defense
1 - 32% - 35% - 17:27
2 - 31% - 30% - 16:35
3 - 29% - 22% - 15:31
4 - 8% - 13% - 4:24
PP Forward
1 - 52% - 60% - 2:03
2 - 48% - 40% - 1:55
PP Defense
1 - 59% - 60% - 2:21
2 - 41% - 40% - 1:37
PK Forward
1 - 100% - 60% - 2:05
2 - 0% - 40% - 0:00
PK Defense
1 - 47% - 60% - 0:59
2 - 53% - 40% - 1:06
PK3 Forward
1 - 0% - 60%
2 - 0% - 40%
PK3 Defense
1 - 0% - 60%
2 - 0% - 40%
44 Forward
1 - 0% - 60%
2 - 0% - 40%
44 Defense
1 - 0% - 60%
2 - 0% - 40%
Last Minute Offensive  - 0:00
Last Minute Defensive  - 0:00
Total
Forward - 60:00
Defense - 60:00

% Time on Ice - Ice Hogs

Lines # - Real PCT - Wanted PCT - Time Play
Normal Forward
1 - 33% - 30% - 17:52
2 - 27% - 25% - 14:26
3 - 14% - 25% - 7:29
4 - 26% - 20% - 14:10
Normal Defense
1 - 31% - 30% - 16:54
2 - 31% - 30% - 16:54
3 - 23% - 30% - 12:18
4 - 15% - 10% - 7:51
PP Forward
1 - 55% - 50% - 1:09
2 - 45% - 50% - 0:56
PP Defense
1 - 61% - 50% - 1:16
2 - 39% - 50% - 0:49
PK Forward
1 - 46% - 50% - 1:49
2 - 54% - 50% - 2:09
PK Defense
1 - 43% - 50% - 1:42
2 - 57% - 50% - 2:16
PK3 Forward
1 - 0% - 50%
2 - 0% - 50%
PK3 Defense
1 - 0% - 50%
2 - 0% - 50%
44 Forward
1 - 0% - 50%
2 - 0% - 50%
44 Defense
1 - 0% - 50%
2 - 0% - 50%
Last Minute Offensive  - 0:00
Last Minute Defensive  - 0:00
Total
Forward - 60:00
Defense - 60:00

Play by Play

1st period


0:01 of 1st period - Zach O'Brien wins face-off versus Brandon Pirri in neutral zone.
0:58 of 1st period - Jordan Martinook is hit by Casey Wellman and loses puck.
1:12 of 1st period - Jason Garrison is hit by Jordan Martinook and loses puck.
1:37 of 1st period - Snap shot by Michael Bournival.
1:37 of 1st period - Deflect By Pascal Pelletier.
1:37 of 1st period - Shot Misses the Net.
1:37 of 1st period - Puck is out of play.
1:38 of 1st period - Brendan Shinnimin wins face-off versus Travis Morin in Devils zone.
1:40 of 1st period - Icing by Darren Archibald.
1:41 of 1st period - Travis Morin wins face-off versus Brendan Shinnimin in Devils zone.
1:52 of 1st period - Slapshot by Michael Bournival.
1:52 of 1st period - Shot Blocked by Matt Carkner.
3:19 of 1st period - Icing by Jason Garrison.
3:20 of 1st period - Casey Wellman wins face-off versus Brendan Shinnimin in Ice Hogs zone.
3:38 of 1st period - Casey Wellman is hit by Pascal Pelletier and loses puck.
4:09 of 1st period - Travis Morin is hit by Gabriel Beaupre and loses puck.
4:22 of 1st period - Snap shot by Michael Bournival.
4:22 of 1st period - Deflect By Travis Morin.
4:22 of 1st period - Shot Misses the Net.
4:22 of 1st period - Puck is out of play.
4:23 of 1st period - Darroll Powe wins face-off versus Travis Morin in Devils zone.
4:44 of 1st period - Off-side.
4:45 of 1st period - Brandon Pirri wins face-off versus Brendan Shinnimin in neutral zone.
4:53 of 1st period - Wrist shot by Chris Wideman.
4:53 of 1st period - Shot Blocked by Brandon Pirri.
4:55 of 1st period - Minor Penalty to Zach Redmond for Interference.
4:56 of 1st period - Brendan Shinnimin wins face-off versus Travis Morin in Ice Hogs zone.
6:23 of 1st period - Slapshot by Jason Garrison.
6:23 of 1st period - Goal by Jason Garrison - Devils : 0 - Ice Hogs : 1.
6:24 of 1st period - Derek Roy wins face-off versus Jordan Martinook in neutral zone.
6:31 of 1st period - Snap shot by Derek Roy.
6:31 of 1st period - Shot Blocked by Sean Collins.
6:55 of 1st period - Penalty to Zach Redmond is over, Zach Redmond is back on ice.
6:57 of 1st period - Brendan Shinnimin is hit by Seth Griffith and loses puck.
7:21 of 1st period - Slapshot by Matt Carkner.
7:21 of 1st period - Shot Blocked by Zach Redmond.
7:38 of 1st period - Darren Archibald is hit by Jean-Philippe Cote and loses puck.
7:57 of 1st period - Off-side.
7:58 of 1st period - Derek Roy wins face-off versus Brendan Shinnimin in neutral zone.
8:00 of 1st period - Off-side.
8:01 of 1st period - Brendan Shinnimin wins face-off versus Derek Roy in neutral zone.
8:06 of 1st period - Snap shot by Jordan Martinook.
8:06 of 1st period - Stopped by Scott Darling with a rebound.
8:26 of 1st period - Brandon Gormley is hit by Matt Carkner.
8:30 of 1st period - Matt Carkner is hit by Dustin Jeffrey and loses puck.
8:37 of 1st period - Casey Wellman is hit by Gabriel Beaupre and loses puck.
9:24 of 1st period - Darren Archibald is hit by Tanner Pearson and loses puck.
9:49 of 1st period - Wrist shot by Michael Bournival.
9:49 of 1st period - Shot Blocked by Darren Archibald.
9:51 of 1st period - Snap shot by Roman Horak.
9:51 of 1st period - Shot Hit the Post.
9:53 of 1st period - Slapshot by Jason Garrison.
9:53 of 1st period - Shot Misses the Net.
9:55 of 1st period - Slapshot by Jean-Philippe Cote.
9:55 of 1st period - Goal by Jean-Philippe Cote - Devils : 0 - Ice Hogs : 2.
9:56 of 1st period - Seth Griffith wins face-off versus Brendan Shinnimin in neutral zone.
10:17 of 1st period - Slapshot by Derek Roy.
10:17 of 1st period - Shot Blocked by Brendan Shinnimin.
10:19 of 1st period - Slapshot by Zach Redmond.
10:19 of 1st period - Stopped by Devan Dubnyk without a rebound.
10:20 of 1st period - J.T. Miller wins face-off versus Zach O'Brien in Devils zone.
10:21 of 1st period - Snap shot by Brandon Pirri.
10:21 of 1st period - Shot Blocked by Zach O'Brien.
10:39 of 1st period - Darroll Powe is hit by Jean-Philippe Cote and loses puck.
10:54 of 1st period - Brendan Shinnimin is hit by Jean-Philippe Cote and loses puck.
11:21 of 1st period - Matt Carkner is hit by Seth Griffith.
12:13 of 1st period - Zach Redmond is hit by Chris Wideman and loses puck.
12:58 of 1st period - Wrist shot by Dustin Jeffrey.
12:58 of 1st period - Stopped by Devan Dubnyk with a rebound.
13:00 of 1st period - Slapshot by Dustin Jeffrey.
13:00 of 1st period - Shot Blocked by Matt Carkner.
13:02 of 1st period - Snap shot by Casey Wellman.
13:02 of 1st period - Shot Blocked by Gabriel Beaupre.
13:04 of 1st period - Wrist shot by Dustin Jeffrey.
13:04 of 1st period - Shot Blocked by Matt Carkner.
13:06 of 1st period - Wrist shot by Dustin Jeffrey.
13:06 of 1st period - Deflect By Matt Carkner.
13:06 of 1st period - Shot Misses the Net.
13:06 of 1st period - Puck is out of play.
13:07 of 1st period - Derek Roy wins face-off versus Sean Collins in Devils zone.
14:26 of 1st period - Wrist shot by Darren Archibald.
14:26 of 1st period - Shot Misses the Net.
14:28 of 1st period - Wrist shot by Sergey Andronov.
14:28 of 1st period - Stopped by Scott Darling without a rebound.
14:29 of 1st period - Brandon Pirri wins face-off versus Pascal Pelletier in Ice Hogs zone.
14:36 of 1st period - Slapshot by Jason Garrison.
14:36 of 1st period - Stopped by Devan Dubnyk with a rebound.
14:50 of 1st period - Jason Garrison is hit by Darren Archibald.
15:40 of 1st period - Scooter Vaughan is hit by Jean-Philippe Cote and loses puck.
15:55 of 1st period - Colin Miller is hit by J.T. Miller and loses puck.
16:25 of 1st period - Travis Morin is hit by Sergey Andronov and loses puck.
17:24 of 1st period - Snap shot by J.T. Miller.
17:24 of 1st period - Stopped by Devan Dubnyk with a rebound.
17:50 of 1st period - Wrist shot by Zach O'Brien.
17:50 of 1st period - Stopped by Scott Darling with a rebound.
17:52 of 1st period - Snap shot by Matt Carkner.
17:52 of 1st period - Shot Blocked by Zach Redmond.
18:25 of 1st period - Slapshot by J.T. Miller.
18:25 of 1st period - Shot Misses the Net.
18:39 of 1st period - Snap shot by Casey Wellman.
18:39 of 1st period - Stopped by Devan Dubnyk without a rebound.
18:40 of 1st period - Zach O'Brien wins face-off versus Seth Griffith in Devils zone.
18:45 of 1st period - Slapshot by Matt Carkner.
18:45 of 1st period - Shot Blocked by Brandon Gormley.
Goals for this period are 0 for Devils vs 2 for Ice Hogs.
Shots for this period are 3 for Devils vs 7 for Ice Hogs.

2nd period


0:01 of 2nd period - Brendan Shinnimin wins face-off versus Derek Roy in neutral zone.
1:39 of 2nd period - Slapshot by Jean-Philippe Cote.
1:39 of 2nd period - Stopped by Devan Dubnyk with a rebound.
1:41 of 2nd period - Snap shot by Zach Redmond.
1:41 of 2nd period - Shot Blocked by Matt Carkner.
1:43 of 2nd period - Slapshot by Jean-Philippe Cote.
1:43 of 2nd period - Deflect By Derek Roy.
1:43 of 2nd period - Stopped by Devan Dubnyk with a rebound.
2:15 of 2nd period - Zach Redmond is hit by Zach O'Brien and loses puck.
2:20 of 2nd period - Wrist shot by Zach O'Brien.
2:20 of 2nd period - Shot Blocked by Zach Redmond.
2:39 of 2nd period - Matt Carkner is hit by Jean-Philippe Cote and loses puck.
2:50 of 2nd period - Slapshot by Darroll Powe.
2:50 of 2nd period - Shot Misses the Net.
3:16 of 2nd period - Wrist shot by Derek Roy.
3:16 of 2nd period - Shot Misses the Net.
5:22 of 2nd period - Chris Wideman is hit by J.T. Miller.
6:53 of 2nd period - Slapshot by Jason Garrison.
6:53 of 2nd period - Stopped by Devan Dubnyk with a rebound.
7:15 of 2nd period - Matt Carkner is hit by Casey Wellman and loses puck.
7:58 of 2nd period - Tanner Pearson is hit by Matthew Ford.
8:08 of 2nd period - Sergey Andronov is hit by Michael Bournival and loses puck.
8:21 of 2nd period - Backhand shot by Sergey Andronov.
8:21 of 2nd period - Shot Misses the Net.
8:57 of 2nd period - Matthew Ford is hit by Brandon Gormley.
9:05 of 2nd period - Slapshot by Travis Morin.
9:05 of 2nd period - Deflect By Matthew Ford.
9:05 of 2nd period - Shot Blocked by Yanni Gourde.
9:05 of 2nd period - Puck is out of play.
9:06 of 2nd period - Travis Morin wins face-off versus Darren Archibald in Devils zone.
9:07 of 2nd period - Slapshot by Michael Bournival.
9:07 of 2nd period - Stopped by Devan Dubnyk with a rebound.
11:26 of 2nd period - Riley Sheahan is hit by Pascal Pelletier and loses puck.
11:47 of 2nd period - Travis Morin is hit by Jordan Martinook.
12:36 of 2nd period - Matt Carkner is hit by Derek Roy and loses puck.
13:06 of 2nd period - Travis Morin is hit by Matt Carkner and loses puck.
13:28 of 2nd period - Snap shot by Tanner Pearson.
13:28 of 2nd period - Shot Blocked by Matt Carkner.
13:30 of 2nd period - Wrist shot by Brandon Pirri.
13:30 of 2nd period - Shot Misses the Net.
13:32 of 2nd period - Snap shot by Brandon Pirri.
13:32 of 2nd period - Stopped by Devan Dubnyk with a rebound.
13:57 of 2nd period - Off-side.
13:58 of 2nd period - Dustin Jeffrey wins face-off versus Braden Lamb in neutral zone.
14:18 of 2nd period - Icing by Scooter Vaughan.
14:19 of 2nd period - Travis Morin wins face-off versus Braden Lamb in Devils zone.
15:07 of 2nd period - Snap shot by Matthew Ford.
15:07 of 2nd period - Stopped by Scott Darling without a rebound.
15:08 of 2nd period - Brandon Pirri wins face-off versus Zach O'Brien in Ice Hogs zone.
15:43 of 2nd period - Wrist shot by Darroll Powe.
15:43 of 2nd period - Shot Misses the Net.
15:45 of 2nd period - Snap shot by Zach O'Brien.
15:45 of 2nd period - Deflect By Sean Collins.
15:45 of 2nd period - Shot Misses the Net.
15:45 of 2nd period - Puck is out of play.
15:46 of 2nd period - Zach O'Brien wins face-off versus Derek Roy in Ice Hogs zone.
15:49 of 2nd period - Snap shot by Sean Collins.
15:49 of 2nd period - Shot Misses the Net.
15:51 of 2nd period - Slapshot by Matt Carkner.
15:51 of 2nd period - Shot Blocked by Jason Garrison.
15:53 of 2nd period - Slapshot by Matt Carkner.
15:53 of 2nd period - Deflect By Zach O'Brien.
15:53 of 2nd period - Stopped by Scott Darling with a rebound.
16:19 of 2nd period - Wrist shot by Michael Bournival.
16:19 of 2nd period - Stopped by Devan Dubnyk with a rebound.
16:21 of 2nd period - Slapshot by Jean-Philippe Cote.
16:21 of 2nd period - Deflect By Michael Bournival.
16:21 of 2nd period - Shot Misses the Net.
16:21 of 2nd period - Puck is out of play.
16:22 of 2nd period - Brendan Shinnimin wins face-off versus Travis Morin in Devils zone.
16:39 of 2nd period - Backhand shot by Brendan Shinnimin.
16:39 of 2nd period - Shot Blocked by Casey Wellman.
18:05 of 2nd period - Snap shot by Matthew Ford.
18:05 of 2nd period - Stopped by Scott Darling with a rebound.
18:07 of 2nd period - Snap shot by Zach O'Brien.
18:07 of 2nd period - Shot Misses the Net.
18:09 of 2nd period - Slapshot by Colin Miller.
18:09 of 2nd period - Shot Blocked by Zach Redmond.
18:49 of 2nd period - Seth Griffith is hit by Matt Carkner.
18:50 of 2nd period - Icing by Seth Griffith.
18:51 of 2nd period - Derek Roy wins face-off versus Matthew Ford in Ice Hogs zone.
18:56 of 2nd period - Seth Griffith is hit by Jordan Martinook and loses puck.
19:18 of 2nd period - Jean-Philippe Cote is hit by Sergey Andronov and loses puck.
Goals for this period are 0 for Devils vs 0 for Ice Hogs.
Shots for this period are 3 for Devils vs 6 for Ice Hogs.

3rd period


0:01 of 3rd period - Derek Roy wins face-off versus Brendan Shinnimin in neutral zone.
0:04 of 3rd period - Slapshot by Roman Horak.
0:04 of 3rd period - Shot Blocked by Brendan Shinnimin.
0:06 of 3rd period - Snap shot by Derek Roy.
0:06 of 3rd period - Stopped by Devan Dubnyk with a rebound.
0:08 of 3rd period - Slapshot by Zach Redmond.
0:08 of 3rd period - Shot Misses the Net.
0:10 of 3rd period - Snap shot by Zach Redmond.
0:10 of 3rd period - Shot Misses the Net.
0:12 of 3rd period - Slapshot by Zach Redmond.
0:12 of 3rd period - Shot Blocked by Jordan Martinook.
0:31 of 3rd period - Minor Penalty to Colin Miller for High sticking.
0:32 of 3rd period - Sean Collins wins face-off versus Brandon Pirri in Devils zone.
1:24 of 3rd period - Jordan Martinook is hit by Jean-Philippe Cote.
1:36 of 3rd period - Jordan Martinook is hit by Casey Wellman and loses puck.
1:47 of 3rd period - Wrist shot by Derek Roy.
1:47 of 3rd period - Shot Blocked by Scooter Vaughan.
2:10 of 3rd period - Snap shot by J.T. Miller.
2:10 of 3rd period - Shot Blocked by Scooter Vaughan.
2:12 of 3rd period - Slapshot by Tanner Pearson.
2:12 of 3rd period - Shot Misses the Net.
2:31 of 3rd period - Penalty to Colin Miller is over, Colin Miller is back on ice.
2:34 of 3rd period - Wrist shot by Derek Roy.
2:34 of 3rd period - Stopped by Devan Dubnyk with a rebound.
3:16 of 3rd period - Colin Miller is hit by Zach Redmond and loses puck.
3:31 of 3rd period - Snap shot by J.T. Miller.
3:31 of 3rd period - Shot Misses the Net.
3:33 of 3rd period - Wrist shot by Tanner Pearson.
3:33 of 3rd period - Shot Misses the Net.
3:39 of 3rd period - Snap shot by Brandon Pirri.
3:39 of 3rd period - Shot Misses the Net.
3:41 of 3rd period - Slapshot by Jean-Philippe Cote.
3:41 of 3rd period - Deflect By Brandon Pirri.
3:41 of 3rd period - Shot Misses the Net.
3:41 of 3rd period - Puck is out of play.
3:42 of 3rd period - Brandon Pirri wins face-off versus Zach O'Brien in Devils zone.
4:15 of 3rd period - Wrist shot by Matt Carkner.
4:15 of 3rd period - Shot Misses the Net.
4:17 of 3rd period - Slapshot by Darroll Powe.
4:17 of 3rd period - Stopped by Scott Darling with a rebound.
4:19 of 3rd period - Slapshot by Zach O'Brien.
4:19 of 3rd period - Shot Blocked by Jason Garrison.
4:21 of 3rd period - Slapshot by Matthew Ford.
4:21 of 3rd period - Deflect By Zach O'Brien.
4:21 of 3rd period - Shot Misses the Net.
4:21 of 3rd period - Puck is out of play.
4:22 of 3rd period - Brandon Pirri wins face-off versus Zach O'Brien in Ice Hogs zone.
4:31 of 3rd period - J.T. Miller is hit by Zach O'Brien.
5:24 of 3rd period - Slapshot by Casey Wellman.
5:24 of 3rd period - Stopped by Devan Dubnyk with a rebound.
5:26 of 3rd period - Wrist shot by Dustin Jeffrey.
5:26 of 3rd period - Stopped by Devan Dubnyk with a rebound.
6:23 of 3rd period - Icing by Jason Garrison.
6:24 of 3rd period - Travis Morin wins face-off versus Darren Archibald in Ice Hogs zone.
6:37 of 3rd period - Jean-Philippe Cote is hit by Jordan Martinook and loses puck.
7:06 of 3rd period - Darroll Powe is hit by Zach Redmond and loses puck.
7:57 of 3rd period - Snap shot by Jason Garrison.
7:57 of 3rd period - Shot Blocked by Colin Miller.
8:29 of 3rd period - Dustin Jeffrey is hit by Pascal Pelletier and loses puck.
8:50 of 3rd period - Snap shot by Matthew Ford.
8:50 of 3rd period - Shot Misses the Net.
8:52 of 3rd period - Snap shot by Jordan Martinook.
8:52 of 3rd period - Shot Misses the Net.
9:10 of 3rd period - Slapshot by Jean-Philippe Cote.
9:10 of 3rd period - Stopped by Devan Dubnyk with a rebound.
9:12 of 3rd period - Wrist shot by Roman Horak.
9:12 of 3rd period - Shot Misses the Net.
9:14 of 3rd period - Snap shot by Roman Horak.
9:14 of 3rd period - Stopped by Devan Dubnyk with a rebound.
9:16 of 3rd period - Slapshot by Michael Bournival.
9:16 of 3rd period - Shot Misses the Net.
9:18 of 3rd period - Snap shot by Travis Morin.
9:18 of 3rd period - Stopped by Devan Dubnyk with a rebound.
9:20 of 3rd period - Wrist shot by Michael Bournival.
9:20 of 3rd period - Shot Blocked by Chris Wideman.
10:10 of 3rd period - Wrist shot by Sergey Andronov.
10:10 of 3rd period - Deflect By Darroll Powe.
10:10 of 3rd period - Stopped by Scott Darling without a rebound.
10:11 of 3rd period - Travis Morin wins face-off versus Darroll Powe in Ice Hogs zone.
10:47 of 3rd period - Brendan Shinnimin is hit by Seth Griffith and loses puck.
11:10 of 3rd period - Snap shot by Brandon Pirri.
11:10 of 3rd period - Shot Misses the Net.
11:12 of 3rd period - Wrist shot by J.T. Miller.
11:12 of 3rd period - Stopped by Devan Dubnyk with a rebound.
11:14 of 3rd period - Wrist shot by Jason Garrison.
11:14 of 3rd period - Goal by Jason Garrison - Devils : 0 - Ice Hogs : 3.
11:15 of 3rd period - Travis Morin wins face-off versus Zach O'Brien in neutral zone.
11:22 of 3rd period - Wrist shot by Sean Collins.
11:22 of 3rd period - Stopped by Scott Darling with a rebound.
11:58 of 3rd period - Off-side.
11:59 of 3rd period - Brendan Shinnimin wins face-off versus Derek Roy in neutral zone.
12:04 of 3rd period - Backhand shot by Pascal Pelletier.
12:04 of 3rd period - Shot Blocked by Jean-Philippe Cote.
12:08 of 3rd period - Slapshot by Matt Carkner.
12:08 of 3rd period - Stopped by Scott Darling without a rebound.
12:09 of 3rd period - Brendan Shinnimin wins face-off versus Tanner Pearson in Ice Hogs zone.
12:10 of 3rd period - Snap shot by Pascal Pelletier.
12:10 of 3rd period - Deflect By Jordan Martinook.
12:10 of 3rd period - Shot Misses the Net.
12:10 of 3rd period - Puck is out of play.
12:11 of 3rd period - Brandon Pirri wins face-off versus Brendan Shinnimin in Ice Hogs zone.
12:43 of 3rd period - Slapshot by Zach O'Brien.
12:43 of 3rd period - Shot Blocked by Jason Garrison.
14:09 of 3rd period - Darren Archibald is hit by Zach Redmond and loses puck.
14:33 of 3rd period - Snap shot by Casey Wellman.
14:33 of 3rd period - Shot Misses the Net.
14:53 of 3rd period - Derek Roy is hit by Zach O'Brien and loses puck.
15:18 of 3rd period - Jordan Martinook is hit by Roman Horak and loses puck.
15:25 of 3rd period - Slapshot by Travis Morin.
15:25 of 3rd period - Goal by Travis Morin - Devils : 0 - Ice Hogs : 4.
15:26 of 3rd period - Brendan Shinnimin wins face-off versus Dustin Jeffrey in neutral zone.
15:35 of 3rd period - Slapshot by Matt Carkner.
15:35 of 3rd period - Stopped by Scott Darling with a rebound.
15:50 of 3rd period - Minor Penalty to Gabriel Beaupre for Holding.
15:51 of 3rd period - Brandon Pirri wins face-off versus Sean Collins in Devils zone.
15:52 of 3rd period - Slapshot by Jason Garrison.
15:52 of 3rd period - Shot Blocked by Sean Collins.
15:54 of 3rd period - Slapshot by Jason Garrison.
15:54 of 3rd period - Stopped by Devan Dubnyk with a rebound.
15:56 of 3rd period - Slapshot by Jason Garrison.
15:56 of 3rd period - Goal by Jason Garrison - Devils : 0 - Ice Hogs : 5.
15:57 of 3rd period - Brandon Pirri wins face-off versus Zach O'Brien in neutral zone.
16:08 of 3rd period - Jason Garrison is hit by Darroll Powe and loses puck.
17:08 of 3rd period - Minor Penalty to J.T. Miller for Tripping.
17:09 of 3rd period - Jordan Martinook wins face-off versus Seth Griffith in Ice Hogs zone.
17:21 of 3rd period - Off-side.
17:22 of 3rd period - Derek Roy wins face-off versus Jordan Martinook in neutral zone.
17:29 of 3rd period - Snap shot by Derek Roy.
17:29 of 3rd period - Stopped by Devan Dubnyk without a rebound.
17:30 of 3rd period - Derek Roy wins face-off versus Brendan Shinnimin in Devils zone.
18:01 of 3rd period - Off-side.
18:02 of 3rd period - Jordan Martinook wins face-off versus Travis Morin in neutral zone.
18:20 of 3rd period - Snap shot by Jordan Martinook.
18:20 of 3rd period - Shot Misses the Net.
18:22 of 3rd period - Slapshot by Scooter Vaughan.
18:22 of 3rd period - Stopped by Scott Darling with a rebound.
18:32 of 3rd period - Jason Garrison is hit by Scooter Vaughan and loses puck.
19:08 of 3rd period - Penalty to J.T. Miller is over, J.T. Miller is back on ice.
Goals for this period are 0 for Devils vs 3 for Ice Hogs.
Shots for this period are 6 for Devils vs 13 for Ice Hogs.


Output by the SimonT Hockey Simulator (STHS) for Eric Dolegowski -- Original Page W3C XHTML 1.0 Valid
Hockey Simulator - Hockey Simulation - Hockey Manager